 Dungeon Crawl Stone Soup version 0.21-a0-372-gd0ff781 (webtiles) character file.

56 4thArraOfDagon the Skirmisher (level 3, 3/33 HPs)
             Began as a Hill Orc Air Elementalist on Oct 16, 2017.
             Quit the game on level 4 of the Dungeon.
             The game lasted 00:03:46 (1772 turns).

4thArraOfDagon the Skirmisher (HOAE)                Turns: 1772, Time: 00:03:47

Health: 3/33       AC:  5    Str: 10    XL:     3   Next: 97%
Magic:  0/5        EV: 12    Int: 16    God:
Gold:   65         SH:  0    Dex: 11    Spells: 4/5 levels left

rFire    . . .     SeeInvis .   g - +0 great mace
rCold    . . .     Gourm    .   (shield currently unavailable)
rNeg     . . .     Faith    .   j - +0 ring mail
rPois    .         Spirit   .   (no helmet)
rElec    .         Reflect  .   (no cloak)
rCorr    .         Harm     .   (no gloves)
MR       .....                  (no boots)
Stlth    +.........             (no amulet)
HPRegen  0.11/turn              m - +2 ring of evasion
MPRegen  0.09/turn              (no ring)

@: lethally poisoned (3 -> -6), very slightly contaminated
A: no striking features
a: no special abilities


You were on level 4 of the Dungeon.
You were not hungry.

You visited 1 branch of the dungeon, and saw 6 of its levels.

You collected 65 gold pieces.

Inventory:

Hand Weapons
 g - a +0 great mace (weapon)
 n - a +2 vampiric rapier
Armour
 a - a +0 robe
 j - a +0 ring mail (worn)
Jewellery
 m - a +2 ring of evasion (left hand)
Scrolls
 d - 2 scrolls of teleportation {unknown}
 e - a scroll of enchant armour {unknown}
 h - a scroll of amnesia {unknown}
 i - 3 scrolls of fear {unknown}
Potions
 f - a potion of flight {unknown}
 k - a potion of berserk rage {unknown}
 l - 2 potions of curing {unknown}
Books
 b - a book of Air

   Spells                             Type                      Level
   a - Shock                          Conjuration/Air              1
   b - Swiftness                      Charms/Air                   2
   c - Static Discharge               Conjuration/Air              3
   d - Airstrike                      Air                          4
   e - Lightning Bolt                 Conjuration/Air              5
Comestibles
 c - a bread ration


   Skills:
 + Level 4.2 Fighting
 - Level 1.5 Dodging
 - Level 1.5 Stealth
 - Level 1.5 Spellcasting
 - Level 1.0 Conjurations
 - Level 2.4 Air Magic


You had 4 spell levels left.
You knew the following spells:

 Your Spells              Type           Power        Failure   Level  Hunger
a - Shock                 Conj/Air       #...         28%         1    ##.....


Dungeon Overview and Level Annotations

Branches:
Dungeon (6/15)
 Temple: D:4-7

Altars:
Dithmenos
Vehumet

Annotations:
D:5 Dowan, Duvessa


Message History

Press: ? - help, Shift-Dir - straight line The zap hits the adder.
The adder is almost dead.
* * * LOW HITPOINT WARNING * * *
You feel sick.
The adder bites you but does no damage. x2
Casting: Shock
Confirm with . or Enter, or press ? or * to list all spells.
Aiming: Shock
Press: ? - help, Shift-Dir - straight line You miscast Shock.
You are very lightly contaminated with residual magic.
You feel a strange surge of energy! The adder bites you.
* * * LOW HITPOINT WARNING * * *
You are more poisoned.
The adder poisons you!
Casting: Shock
Confirm with . or Enter, or press ? or * to list all spells.
You don't have enough magic to cast that spell.
Unknown command.
Are you sure you want to abandon this character and quit the game? (Confirm with "yes".)

#.# #..##...# #.#
##....#.# #######.##
##.##.#.#
.........###..##.#.#
########......##.#.####
#..#.#...#(#.#..#
#......###.#.#..#
##.#.#.# #.#.#..#
#.....###@#.#..#
##..#..##S#.#.##
#.###.##.#....# #.#
#.##.####.# #...
#.###.##.# #.# #... ##
#..##.##.#
#.########... .#####
##.##.##.#
#........#...
.....#####.#..##.#
##########...
.###.......#.###.# #...


You could see an adder.

Vanquished Creatures
  A worker ant (D:4)
  2 adders (D:4)
  2 dart slugs
  A bat (D:3)
  A goblin (D:1)
  A hobgoblin (D:3)
  3 jackals (D:4)
  A quokka (D:3)
12 creatures vanquished.

Notes
Turn   | Place    | Note
-------+----------+-------------------------------------------
     0 | D:1      | 4thArraOfDagon the Hill Orc Air Elementalist began the quest for the Orb.
     0 | D:1      | Reached XP level 1. HP: 14/14 MP: 3/3
     8 | D:1      | Reached skill level 1 in Fighting
   151 | D:3      | Reached XP level 2. HP: 10/24 MP: 1/4
   172 | D:3      | Found a shadowy altar of Dithmenos.
   172 | D:3      | Found a radiant altar of Vehumet.
   215 | D:3      | Noticed a sky beast
   271 | D:3      | Reached skill level 2 in Fighting
   702 | D:5      | Entered Level 5 of the Dungeon
   770 | D:6      | Noticed a sky beast
   815 | D:5      | Noticed Duvessa
   815 | D:5      | Noticed Dowan
   912 | D:4      | Reached skill level 3 in Fighting
   930 | D:4      | Reached XP level 3. HP: 25/31 MP: 5/5
  1694 | D:4      | Reached skill level 4 in Fighting
  1772 | D:4      | Quit the game

Vault maps used:
D:1:      eino_arrival_druids_welcome, grunt_decor_resistance
D:2:      eat_drink_and_be_merry_uskayaw, first_bread, uniq_sigmund
D:3:      gammafunk_temple_overflow_wave, uniq_jessica, uniq_grinder, uniq_robin
D:4:      serial_co_window_serial, co_window_paths_a, co_window_paths_b,
          co_window_corner_a, co_window_paths_b, co_window_cross_1,
          co_window_corner_a, co_window_corner_a, co_window_broadway_c,
          co_window_2corner, co_window_paths_c, co_window_cross_2,
          co_window_corner_ca, co_window_broadway_c, co_window_unsneaky_path_a,
          co_window_paths_d, co_window_paths_e, glass_columns_c,
          glass_columns_a, tgw_kikubaaqudgha
D:5:      serial_shops, shop, uniq_duvessa
D:6:      ashenzari_altar_1, portal_sewer_entry_a, uniq_menkaure

Skill      XL: |  1  2  3 |
---------------+----------+-----
Fighting       | 1 3 4 |  4.2
Dodging        | |  1.5
Stealth        | |  1.5
Spellcasting   | |  1.5
Conjurations   | |  1.0
Air Magic      | |  2.4

Action                   || total
-------------------------++-------
Melee: Great mace        ||    31
       Unarmed           ||     1
 Cast: Shock             ||    25
  Use: Potion            ||     1
  Eat: Fruit             ||     2
       Bread ration      ||     1
Armor: Ring mail         ||    19
       Robe              ||     5
Dodge: Dodged            ||    47

Table legend:
 A = Spawn XP
 B = Non-spawn XP
 C = Spawn XP percentage of total XP
 D = Spawn monster count
 E = Non-spawn monster count
 F = Spawn count percentage of total count
 G = Total turns spent on level
                    A         B        C        D         E        F      G
               +---------+---------+-------+---------+---------+-------+---------
         Total |       0 |      81 |   0.0 |       0 |      12 |   0.0 |  1772
               +---------+---------+-------+---------+---------+-------+---------
           D:1 |       0 |       6 |   0.0 |       0 |       2 |   0.0 |    84
           D:3 |       0 |       6 |   0.0 |       0 |       3 |   0.0 |   287
           D:4 |       0 |      69 |   0.0 |       0 |       7 |   0.0 |  1258
               +---------+---------+-------+---------+---------+-------+---------
